 Dungeon Crawl Stone Soup version 0.18.1-50-g88ac8fd (webtiles) character file.

1586 spiff the Cleaver (level 8, -10/81 HPs)
             Began as a Deep Dwarf Fighter on Sept 23, 2016.
             Mangled by a gnoll
             ... wielding a +0 halberd
              (13 damage)
             ... on level 5 of the Dungeon.
             The game lasted 00:12:12 (3892 turns).

spiff the Cleaver (Deep Dwarf Fighter)              Turns: 3892, Time: 00:12:14

Health: -10/81     AC:  6    Str: 22    XL:     8   Next: 61%
Magic:  5/5        EV:  8    Int:  8    God:
Gold:   347        SH:  9    Dex: 13    Spells: 0 memorised, 7 levels left

rFire  . . .     SeeInvis .     j - +1 hand axe (venom)
rCold  + . .     Gourm    .     n - +0 ring mail {rC+}
rNeg   . . .     Faith    .     c - +0 shield
rPois  .         Spirit   .     (no helmet)
rElec  .         Dismiss  .     (no cloak)
rCorr  .         Reflect  .     (no gloves)
SustAt .         Harm     .     B - +0 pair of boots (curse)
MR     +....     Rnd*Tele +     (no amulet)
Stlth  +.........               (no ring)
                                A - ring of teleportation (curse)

@: non-regenerating, somewhat resistant to hostile enchantments, very unstealthy
A: damage resistance, recharge devices, sense surroundings 1, slow regeneration
3
a: Device Recharging


You were on level 5 of the Dungeon.
You were not hungry.

You visited 1 branch of the dungeon, and saw 5 of its levels.

You collected 347 gold pieces.

Inventory:

Hand Weapons
 a - a +0 war axe
 j - a +1 hand axe of venom (weapon)
Armour
 b - a +0 scale mail
 c - a +0 shield (worn)
 n - a +0 ring mail of cold resistance (worn)
 B - a cursed +0 pair of boots (worn)
Jewellery
 A - a cursed ring of teleportation (left hand)
Wands
 e - a wand of heal wounds (1/9)
 p - a wand of disintegration (4/24)
 t - a wand of polymorph (14/24)
 y - a wand of lightning (11/15)
Scrolls
 g - 7 scrolls of identify
 i - 4 scrolls of fog
 o - a scroll of remove curse {unknown}
 u - 2 scrolls of amnesia
 D - a scroll of fear
Potions
 d - 2 potions of might
 h - 3 potions of invisibility
 r - a potion of curing {unknown}
 s - a potion of berserk rage {unknown}
 v - a potion of haste {unknown}
 w - a potion of flight {unknown}
 x - 3 potions of resistance {unknown}
 z - a potion of brilliance {unknown}
 C - a potion of ambrosia {unknown}
Comestibles
 f - 6 bread rations
 k - 2 royal jellies
 l - 5 meat rations
 m - a beef jerky
 q - a chunk of flesh


   Skills:
 - Level 8.0 Fighting
 - Level 8.1 Axes
 + Level 3.5 Armour
 - Level 3.2 Shields


You had 7 spell levels left.
You didn't know any spells.

Dungeon Overview and Level Annotations

Branches:
Dungeon (5/15)
 Temple: D:4-7

Altars:
Ashenzari
Elyvilon
Fedhas
Nemelex Xobeh
Zin

Shops:
D:5 %

Annotations:
D:4 exclusion: centaur


Innate Abilities, Weirdness & Mutations

You are resistant to damage.
You can recharge devices by infusing magical energy.
You passively map a small area around you.
You do not regenerate naturally.


Message History

* * * LOW HITPOINT WARNING * * *
You block the gnoll's attack.
There is an open door, spattered with blood here.
Things that are here:
a whip; a halberd; a gnoll corpse You hit the gnoll.
The gnoll is poisoned.
The gnoll is moderately wounded.
You closely miss the gnoll. You hit the gnoll.
The gnoll is moderately wounded.
The gnoll hits you but does no damage. x2; The gnoll closely misses you.
You hit the gnoll but do no damage.
The gnoll looks even sicker.
The gnoll is heavily wounded.
You barely miss the gnoll. You hit the gnoll.
The gnoll is poisoned.
The gnoll is severely wounded.
The gnoll hits you with a spear!
* * * LOW HITPOINT WARNING * * *
The gnoll hits you with a halberd!
* * * LOW HITPOINT WARNING * * *
The gnoll hits you with a halberd!
You die...

..............................###
.....P...........................
....≈≈≈≈≈≈≈≈≈≈≈≈≈≈≈≈≈≈≈....≈≈≈≈≈≈
....≈≈≈≈≈≈≈≈≈≈≈≈≈≈≈≈≈≈≈..).≈≈≈≈≈≈
....≈≈#####≈≈≈≈≈≈≈≈≈≈≈≈).).)≈≈≈≈≈
....≈≈#gg.#...............)......
....≈≈#...#############''''######
...P≈≈### #....g#######....######
....≈≈≈.#,#....g@.....'....))....
....≈≈≈.# #....g#######....######
....≈≈≈.# ##############)'######
....≈≈≈.# ,, ..........)......
....≈≈≈.# ' '......(..........
....≈≈≈.# ######.................
.P..≈≈≈.# #....#......)(.........
....≈≈≈.# #.)..#########''#######
....≈≈###+#....'.......'..'......


You could see 3 gnolls.

Vanquished Creatures
  An ice beast (D:5)
  A sky beast (D:4)
  A phantom (D:5)
  2 ogres
  A centaur (D:4)
  A giant frog (D:3)
  A gnoll sergeant (D:5)
  A scorpion (D:4)
  A crimson imp (D:4)
  A hound (D:5)
  2 orc priests (D:4)
  A giant frog zombie (D:5)
  3 gnoll shamans (D:5)
  A giant frog skeleton (D:4)
  2 iguanas
  A worker ant (D:5)
  A hound skeleton (D:4)
  36 gnolls
  6 adders
  An ooze (D:3)
  5 worms
  3 dart slugs
  5 giant geckos
  10 orcs
  5 giant cockroaches
  7 goblins
  9 hobgoblins
  14 jackals
  7 kobolds
  3 quokkas
  A ball python (D:2)
  5 bats
  2 giant newts
  A quokka skeleton (D:5)
  6 rats
148 creatures vanquished.

Notes
Turn   | Place    | Note
--------------------------------------------------------------
     0 | D:1      | spiff the Deep Dwarf Fighter began the quest for the Orb.
     0 | D:1      | Reached XP level 1. HP: 20/20 MP: 1/1
   168 | D:1      | Reached XP level 2. HP: 22/27 MP: 2/2
   498 | D:1      | Found a sparkling altar of Nemelex Xobeh.
   830 | D:2      | Reached XP level 3. HP: 8/33 MP: 3/3
  1111 | D:2      | Reached XP level 4. HP: 19/40 MP: 4/4
  1437 | D:3      | Reached skill level 5 in Axes
  1471 | D:3      | Noticed a giant frog
  1484 | D:3      | Killed a giant frog
  1484 | D:3      | Reached XP level 5. HP: 37/46 MP: 5/5
  1947 | D:4      | Found a white marble altar of Elyvilon.
  2063 | D:4      | Noticed an ogre
  2073 | D:4      | Killed an ogre
  2073 | D:4      | Reached XP level 6. HP: 45/57 MP: 6/6
  2309 | D:4      | Found a glowing silver altar of Zin.
  2351 | D:4      | Found a shattered altar of Ashenzari.
  2399 | D:4      | Reached skill level 5 in Fighting
  2872 | D:4      | Found a blossoming altar of Fedhas.
  2887 | D:5      | Entered Level 5 of the Dungeon
  2926 | D:5      | Found Huleyriz's Food Shoppe.
  2968 | D:5      | Reached XP level 7. HP: 24/67 MP: 6/6
  3327 | D:5      | Reached XP level 8. HP: 32/80 MP: 7/7
  3571 | D:5      | HP: 3/81 [gnoll/spear of piercing (5)]
  3892 | D:5      | HP: 3/81 [gnoll/halberd (9)]
  3892 | D:5      | Mangled by a gnoll

Skill      XL: |  1  2  3  4  5  6  7  8 |
---------------+-------------------------+-----
Axes           | 3 4 6 8 |  8.1
Fighting       | 4 5 7 8 |  8.0
Armour         | |  3.5
Shields        | |  3.2

Action                   |  1- 3 |  4- 6 |  7- 9 || total
-------------------------+-------+-------+-------++-------
Melee: War axe           |    58 |       |       ||    58
       Hand axe          |    37 |   133 |   259 ||   429
 Abil: Device Recharging |       |     1 |     2 ||     3
Evoke: Wand              |     1 |     5 |    11 ||    17
  Use: Scroll            |       |     5 |       ||     5
       Potion            |       |       |     1 ||     1
  Eat: Chunk             |     1 |     6 |     3 ||    10
Armor: Scale mail        |    29 |    26 |       ||    55
       Ring mail         |       |     4 |    63 ||    67
Dodge: Dodged            |    29 |    27 |    97 ||   153
Block: Shield            |    36 |    56 |   145 ||   237
